 Dungeon Crawl Stone Soup version 0.27.0-1-g7a089689b8 (webtiles) character file.

Game seed: 14379448070488922166

494 Alakanar the Chopper (level 6, 0/57 HPs)
             Began as a Minotaur Berserker on Aug 6, 2021.
             Was a Priest of Trog.
             Slain by a gnoll (5 damage)
             ... on level 5 of the Dungeon.
             The game lasted 00:15:57 (3834 turns).

Alakanar the Chopper (Minotaur Berserker)           Turns: 3834, Time: 00:15:58

Health: 0/57       AC: 10    Str: 24    XL:     6   Next: 92%
Magic:  5/5        EV:  5    Int:  4    God:    Trog [***...]
Gold:   156        SH:  0    Dex:  9    Spells: 5/5 levels left

rFire    + . .     SeeInvis .   d - +0 war axe
rCold    . . .     Faith    .   (no shield)
rNeg     . . .     Spirit   .   k - +0 chain mail
rPois    .         Reflect  .   (helmet restricted)
rElec    .         Harm     .   (no cloak)
rCorr    .         Rampage  .   (no gloves)
Will     ++...                  q - +0 pair of boots
Stlth    ..........             e - amulet of regeneration
HPRegen  2.19/turn              u - ring of protection from fire
MPRegen  0.09/turn              (no ring)

@: lit by a corona, strong-willed (expiring), on berserk cooldown, held,
regenerating (expiring), slowed, glowing, very slow
A: horns 2, retaliatory headbutt
a: Renounce Religion, Berserk, Trog's Hand


You were on level 5 of the Dungeon.
You worshipped Trog.
Trog was most pleased with you.
You visited 1 branch of the dungeon, and saw 5 of its levels.

You collected 178 gold pieces.
You spent 22 gold pieces at shops.

Inventory:

Hand Weapons
 a - a +0 hand axe
 d - a +0 war axe (weapon)
 i - a +0 hand axe
Missiles
 h - 147 stones (quivered)
Armour
 k - a +0 chain mail (worn)
 n - a +0 kite shield
 q - a +0 pair of boots (worn)
 t - a +0 plate armour
Jewellery
 e - an amulet of regeneration (around neck)
 m - an amulet of regeneration
 u - a ring of protection from fire (left hand)
Wands
 s - a wand of mindburst (18)
Scrolls
 b - 2 scrolls of enchant armour {unknown}
 f - a scroll of teleportation {unknown}
 g - a scroll of noise {unknown}
 j - 2 scrolls of fog
 p - a scroll of identify
 r - a scroll of vulnerability {unknown}
Potions
 c - a potion of lignification {unknown}
 l - a potion of magic {unknown}
 o - a potion of haste {unknown}


   Skills:
 + Level 5.7 Fighting
 + Level 6.6 Axes
 + Level 0.1 Throwing
 + Level 4.5 Armour
 + Level 3.4 Dodging


You had 5 spell levels left.
You didn't know any spells.
Your spell library was empty.

Dungeon Overview and Level Annotations

Branches:
Dungeon (5/15)
 Temple: D:4-7

Altars:
Cheibriados
Fedhas
Hepliaklqana
Kikubaaqudgha
Okawaru
Uskayaw
Wu Jian

Shops:
D:3 !?


Innate Abilities, Weirdness & Mutations

You have a pair of horns on your head.
You reflexively headbutt those who attack you in melee.


Message History

The gnoll hits you from afar with a +0 spear.
* * * LOW HITPOINT WARNING * * *
The gnoll hits you but does no damage.
Your skin crawls.
You feel strong-willed. The gnoll shaman closely misses you.
The gnoll hits you from afar with a +0 spear.
* * * LOW HITPOINT WARNING * * *
The gnoll hits you but does no damage.
The gnoll hits you from afar with a +0 halberd.
* * * LOW HITPOINT WARNING * * *
The gnoll shaman hits you with a +0 whip.
* * * LOW HITPOINT WARNING * * *
The gnoll hits you from afar with a +0 spear.
* * * LOW HITPOINT WARNING * * *
You barely miss the gnoll shaman. Your headbutt misses the gnoll shaman.
The gnoll shaman is severely wounded.
The gnoll barely misses you.
The gnoll hits you from afar with a +0 halberd!
* * * LOW HITPOINT WARNING * * *
The gnoll shaman barely misses you.
The gnoll hits you from afar with a +0 spear.
* * * LOW HITPOINT WARNING * * *
The gnoll hits you but does no damage. The gnoll closely misses you.
The gnoll shaman hits you but does no damage.
The gnoll barely misses you.
You slash the gnoll shaman!
You kill the gnoll shaman!
Trog accepts your kill.
You feel the effects of Trog's Hand fading.
The gnoll throws a throwing net.
The throwing net hits you.
You become entangled in the net!
The gnoll hits you from afar with a +0 halberd.
* * * LOW HITPOINT WARNING * * *
The gnoll hits you from afar with a +0 spear.
* * * LOW HITPOINT WARNING * * *
The gnoll hits you but does no damage. The gnoll barely misses you.
You struggle against the net.
The gnoll hits you but does no damage.
The gnoll hits you from afar with a +0 spear.
You die...

###....#
#......###
#####........
##............
##..........#
#...<.......#
##...#..gg.#...
##.#...)#....g
###..)@# ....
#...†## ..<
#...g.. ..
#......... .
###./.>.....
#.........
###.......
###.#...


You could see 3 gnolls.

Vanquished Creatures
  A black bear (D:3)
  A bullfrog (D:4)
  2 howler monkeys
  A hound (D:4)
  A gnoll shaman (D:5)
  2 iguanas
  3 gnolls (D:3)
  3 adders
  An ufetubus (D:4)
  A worm (D:3)
  5 dart slugs
  3 orcs (D:4)
  8 endoplasms
  4 giant cockroaches
  7 goblins
  3 hobgoblins
  8 jackals
  9 kobolds
  3 quokkas
  6 ball pythons
  5 bats
  6 frilled lizards
  7 rats
  A spectral goblin (D:4)
91 creatures vanquished.

Notes
Turn   | Place    | Note
-------+----------+-------------------------------------------
     0 | D:1      | Alakanar the Minotaur Berserker began the quest for the
                  | Orb.
     0 | D:1      | Reached XP level 1. HP: 19/19 MP: 0/0
    89 | D:1      | Reached XP level 2. HP: 7/27 MP: 1/1
   649 | D:1      | Reached skill level 4 in Axes
  1278 | D:2      | Reached ** piety under Trog
  1279 | D:2      | Reached XP level 3. HP: 30/34 MP: 2/2
  1810 | D:2      | Found a hazy altar of Hepliaklqana.
  2023 | D:3      | Found Aneliqis's Magic Scroll Emporium.
  2023 | D:3      | Noticed a black bear
  2034 | D:3      | Killed a black bear
  2035 | D:3      | Reached skill level 5 in Fighting
  2035 | D:3      | Reached skill level 5 in Axes
  2035 | D:3      | Reached XP level 4. HP: 42/42 MP: 3/3
  2035 | D:3      | Reached XP level 5. HP: 48/48 MP: 4/4
  2046 | D:3      | Bought a scroll of identify for 22 gold pieces
  2135 | D:3      | Found Immof's Distillery.
  2257 | D:3      | Found a hide-covered altar of Uskayaw.
  2308 | D:3      | Found an iron altar of Okawaru.
  2517 | D:3      | Reached *** piety under Trog
  3178 | D:4      | Reached XP level 6. HP: 54/56 MP: 5/5
  3201 | D:4      | Found an ornate altar of the Wu Jian Council.
  3277 | D:4      | Identified the +0 robe of Day {rPois Int-4 Dex+2}
  3308 | D:4      | Reached skill level 6 in Axes
  3455 | D:4      | Found an ancient bone altar of Kikubaaqudgha.
  3533 | D:4      | Found a blossoming altar of Fedhas.
  3533 | D:4      | Found a snail-covered altar of Cheibriados.
  3751 | D:4      | Found a hazy altar of Hepliaklqana.
  3804 | D:5      | Entered Level 5 of the Dungeon
  3833 | D:5      | HP: 2/57 [gnoll (2)]
  3834 | D:5      | Slain by a gnoll

Illustrated notes

Levels and vault maps discovered:
D:1:      dpeg_arrival_tiny_j, layout_basic
D:2:      minmay_kobold_bridge, layout_basic, basic_altar,
          chequers_serial_rivers_micro_a, kennysheep_generic_room_3
D:3:      layout_basic, mainiacjoe_overflow_six_doors_small,
          nicolae_uskayaw_dance_hall, serial_shops, shop,
          nicolae_shop_statue_plus, st_stairs_7
D:4:      layout_loops_ring, nicolae_kikubaaqudgha_miasma_corner,
          nicolae_hepliaklqana_monster_ancestors, nzn_wu_jian_contemplation,
          gammafunk_temple_overflow_pools
D:5:      layout_cave_pools, nemelex_diamond_rough_becter,
          amcnicky_altar_gilded, minmay_crystal_room

Skill      XL: |  1  2  3  4  5  6 |
---------------+-------------------+-----
Fighting       | 4 5 |  5.7
Axes           | 4 5 6 |  6.6
Armour         | 3 4 |  4.5
Dodging        | 3 |  3.4
Throwing       | |  0.1

Action                   |  1- 3 |  4- 6 || total
-------------------------+-------+-------++-------
Melee: Hand axe          |    95 |    53 ||   148
       Headbutt          |    16 |    18 ||    34
       War axe           |       |    54 ||    54
Throw: Stone             |       |     6 ||     6
Invok: Berserk           |     1 |     1 ||     2
       Trog's Hand       |       |     1 ||     1
  Use: Scroll            |       |     1 ||     1
Armor: Ring mail         |     6 |       ||     6
       Animal skin       |     4 |       ||     4
       Chain mail        |    22 |    79 ||   101
Dodge: Dodged            |    57 |    71 ||   128
